 Dungeon Crawl Stone Soup version 0.18-a0-965-g9200175 (webtiles) character file.

158 M4edhros the Sneak (level 5, 0/33 HPs)
             Began as an Octopode Artificer on Jan 1, 2016.
             Was a Follower of Pakellas.
             Slain by a small abomination (15 damage)
             ... summoned by the severe capriciousness of Xom
             ... on level 2 of the Dungeon.
             The game lasted 00:07:42 (3296 turns).

M4edhros the Sneak (Octopode Artificer)             Turns: 3296, Time: 00:07:42

Health: 0/33       AC:  1    Str: 11    XL:     5   Next: 40%
Magic:  8/8        EV: 13    Int: 15    God:    Pakellas [*.....]
Gold:   157        SH:  0    Dex: 12    Spells: 0 memorised, 4 levels left

rFire  . . .     SeeInvis .     a - +0 short sword
rCold  . . .     Gourm    .     (no shield)
rNeg   . . .     Faith    .     (helmet restricted)
rPois  +         Spirit   .     (no amulet)
rElec  .         Dismiss  .     k - ring of poison resistance
rCorr  .         Reflect  .     w - ring of wizardry
SustAt .         Harm     .     (no ring)
MR     .....                    (no ring)
Stlth  ++++......               (no ring)
                                (no ring)
                                (no ring)
                                (no ring)

@: not resistant to hostile enchantments, stealthy
A: almost no armour, amphibious, 8 rings, constrict 8, camouflage 1, gelatinous
body 1
a: Quick Charge, Renounce Religion


You were on level 2 of the Dungeon.
You worshipped Pakellas.
Pakellas was aware of your devotion.
You were hungry.

You visited 2 branches of the dungeon, and saw 6 of its levels.
You also visited: Ossuary.

You collected 157 gold pieces.

Inventory:

Hand Weapons
 a - a +0 short sword (weapon)
 m - a +0 dagger of venom
 u - a +0 hunting sling
Missiles
 h - 86 stones (quivered)
Jewellery
 k - a ring of poison resistance (left tentacle)
 w - a ring of wizardry (right tentacle)
Wands
 b - a wand of flame (9/48)
 c - a wand of enslavement (10/24)
 d - a wand of random effects (7/48)
Scrolls
 g - 2 scrolls of enchant armour {unknown}
 j - a scroll of magic mapping {unknown}
 l - 6 scrolls of identify
 n - 3 scrolls of remove curse
 r - a scroll of enchant weapon {unknown}
 v - a scroll of noise {unknown}
Potions
 e - a potion of flight
 i - 2 potions of curing
 p - 4 potions of lignification {unknown}
 q - a potion of might {unknown}
 s - a potion of agility {unknown}
 t - a potion of haste {unknown}
Comestibles
 f - a bread ration


   Skills:
 - Level 1.0 Fighting
 - Level 1.0 Short Blades
 * Level 3.4 Dodging
 * Level 5.1 Stealth
 + Level 4.1 Evocations


You had 4 spell levels left.
You didn't know any spells.

Dungeon Overview and Level Annotations

Branches:
Dungeon (5/15)             Temple (1/1) D:5

Altars:
Dithmenos
Gozag
Kikubaaqudgha
Nemelex Xobeh
Pakellas
Trog
Xom
Yredelemnul

Annotations:
D:3 Ijyb
D:5 Edmund


Innate Abilities, Weirdness & Mutations

You cannot wear most types of armour.
You are amphibious.
You can wear up to eight rings at the same time.
You can use your tentacles to constrict eight enemies at once.
Your skin changes colour to match your surroundings (Stealth).
Your rubbery body absorbs attacks (AC +1).


Message History

You open the door.
There is an open door here.
Key pressed, stopping explore.
No target in view! "Try this."
A chorus of moans calls out to you!
There are monsters nearby!
You hit the small abomination but do no damage.
The small abomination closely misses you.
There are monsters nearby!
You hit the small abomination but do no damage.
You are feeling hungry.
The small abomination completely misses you.
There are monsters nearby!
You hit the small abomination but do no damage.
The small abomination hits you!!
Ouch! That really hurt!
The small abomination hits you!
You die... "What!?
That's it?"

..# #.....# ##### .>#
########.....# ### ...#
..###............# #..#####.###
.†.##..))........#####.#.........
.=...............##............##
+##.....###......##.##.<.......÷.
##.....##......##.##...........
#..#....#.##.x....##..........#
#.##..#......#@x..............#
######..#.###..#.####...........#
...# #....###..#.# #.#........##
.### #.#....#....# #.#........##
.#####...##......# #...........#
........####.#.#.## ##..........#
..####..###....#..####..........#
........##..#..##...............#
.###.#..........#####............


You could see 2 small abominations.

Vanquished Creatures
  An orc wizard (D:4)
  A mummy (Ossuary)
  An adder (D:2)
  2 oozes (D:1)
  2 worms (D:2)
  3 giant geckos
  2 orcs (D:4)
  5 bats
  6 giant cockroaches
  4 hobgoblins
  8 jackals
  8 kobolds
  3 giant newts
  5 gnoll skeletons (Ossuary)
  5 goblins
  A goblin zombie (D:5)
  3 kobold skeletons (Ossuary)
  11 orc skeletons (Ossuary)
  8 rats
79 creatures vanquished.

Vanquished Creatures (collateral kills)
  A hound skeleton (D:4)
  A kobold skeleton (Ossuary)
  3 orc skeletons (Ossuary)
5 creatures vanquished.

Vanquished Creatures (others)
  A jackal (D:4)
1 creature vanquished.

Grand Total: 85 creatures vanquished

Notes
Turn   | Place    | Note
--------------------------------------------------------------
     0 | D:1      | M4edhros the Octopode Artificer began the quest for the Orb.
     0 | D:1      | Reached XP level 1. HP: 13/13 MP: 3/3
   200 | D:1      | Reached XP level 2. HP: 13/18 MP: 4/4
   745 | D:1      | Reached XP level 3. HP: 20/23 MP: 5/5
  1134 | D:3      | Noticed Ijyb
  1344 | D:4      | Reached XP level 4. HP: 14/28 MP: 6/6
  1392 | D:4      | Reached skill level 4 in Stealth
  1592 | D:4      | Noticed an ogre
  1596 | D:5      | Entered Level 5 of the Dungeon
  1635 | D:5      | Noticed Edmund
  1684 | D:5      | Noticed an ice beast
  1711 | D:5      | Found a sand-covered staircase.
  1724 | Ossuary  | Entered an ossuary
  1724 | Ossuary  | Noticed a wraith
  1724 | Ossuary  | Noticed a wraith
  1724 | Ossuary  | Noticed a wraith
  2125 | Ossuary  | Reached XP level 5. HP: 33/33 MP: 8/8
  2138 | Ossuary  | Noticed a wraith
  2318 | D:5      | Found a staircase to the Ecumenical Temple.
  2328 | Temple   | Entered the Ecumenical Temple
  2336 | Temple   | Became a worshipper of Xom of Chaos
  2386 | Temple   | Fell from the grace of Xom
  2386 | Temple   | Became a worshipper of Pakellas the Inventive
  2944 | D:2      | Reached * piety under Pakellas
  3075 | D:2      | Reached skill level 5 in Stealth
  3257 | D:2      | Found a sparkling altar of Nemelex Xobeh.
  3292 | D:2      | XOM: medium Summ miscast
  3293 | D:2      | Noticed a small abomination
  3293 | D:2      | Noticed a small abomination
  3296 | D:2      | Slain by a small abomination

Vault maps used:
D:1:      minmay_arrival_diagonal_passages
D:2:      grunt_ministairs_13, minmay_item_behind_shaft, eino_tiny_chamber,
          minivault_23, nemelex_spade_bored_becter
D:3:      minitemple, nicolae_overflow_crystal_walls, st_stairs_6,
          grunt_ministairs_9, uniq_iyjb
D:4:      kennysheep_cross_room, serial_bayou_crossing
D:5:      temple_hall, enter_ossuary_4, first_bread, uniq_eustachio, uniq_edmund
Temple:   circular_temple_pool_8
Ossuary:  ossuary_due_mausoleum

Action                   |  1- 3 |  4- 6 || total
-------------------------+-------+-------++-------
Melee: Short sword       |    52 |    95 ||   147
       Dagger            |    14 |     8 ||    22
Evoke: Wand              |     2 |    17 ||    19
  Use: Scroll            |       |     6 ||     6
 Stab: Sleeping          |     7 |    10 ||    17
  Eat: Chunk             |     1 |     1 ||     2
       Meat ration       |       |     1 ||     1
